 Dungeon Crawl Stone Soup version 0.29-a0-352-g0917bc69df (webtiles) character file.

Game seed: 5050882777292037318

511 spaghetti the Ducker (level 7, -5/45 HPs)
             Began as an Octopode Fire Elementalist on Apr 23, 2022.
             Slain by a yak (12 damage)
             ... on level 5 of the Dungeon.
             The game lasted 00:07:32 (4236 turns).

spaghetti the Ducker (Octopode Fire Elementalist)   Turns: 4236, Time: 00:07:33

Health: -5/45      AC:  1    Str:  6 (8)  XL:     7   Next: 19%
Magic:  11/13      EV: 14    Int: 18 (19) God:
Gold:   166        SH:  0    Dex: 10 (12) Spells: 8/14 levels left

rFire   + . .      SeeInvis .   p - +11 morningstar "Liptecuigh" {venom, rF+, mace}
rCold   . . .      Faith    .   (no shield)
rNeg    . . .      Spirit   .   (helmet restricted)
rPois   .          Reflect  .   (no amulet)
rElec   .          Harm     .   (no ring)
rCorr   .          Rampage  .   (no ring)
Will    .....                   (no ring)
Stlth   +++.......              (no ring)
HPRegen 0.15/turn               (no ring)
MPRegen 0.13/turn               (no ring)
                                (no ring)
                                (no ring)

@: no status effects
A: almost no armour, amphibious, 8 rings, camouflage 1, gelatinous body 1,
(nimble swimmer 1), tentacles
a: no special abilities


You were on level 5 of the Dungeon.
You visited 1 branch of the dungeon, and saw 5 of its levels.

You collected 166 gold pieces.


Innate Abilities, Weirdness & Mutations

You cannot wear most types of armour.
You are amphibious.
You can wear up to eight rings at the same time.
Your skin changes colour to match your surroundings (Stealth+).
Your rubbery body absorbs attacks. (AC +1, EV +1)
((You are camouflaged when in or above water. (Stealth+)))
You have tentacles for arms and can constrict up to eight enemies at once.


   Skills:
 + Level 2.8 Fighting
 + Level 2.7 Throwing
 * Level 4.8 Dodging
 - Level 2.6 Stealth
 - Level 4.0 Spellcasting
 - Level 1.0 Conjurations
 - Level 3.0 Fire Magic


You had 8 spell levels left.
You knew the following spells:

 Your Spells              Type           Power      Damage    Failure   Level
a - Foxfire               Conj/Fire      40%        2x1d6     6%          1
b - Inner Flame           Hex/Fire       9%         N/A       24%         3
c - Scorch                Fire           28%        2d6       6%          2

Your spell library contained the following spells:

 Spells                   Type           Power      Damage    Failure   Level
 Animate Skeleton         Necr           6%         N/A       14%         1
 Pain                     Necr           12%        1d4       14%         1
 Conjure Flame            Conj/Fire      10%        6-21      19%         3
 Vampiric Draining        Necr           3%         2d6       41%         3
 Flame Wave               Conj/Fire      10%        2d5       54%         4

Inventory:

Hand Weapons
 d - a +0 club {mace}
   (You took it off a kobold on level 1 of the Dungeon)
 e - a +0 whip {mace}
   (You took it off a kobold on level 1 of the Dungeon)
 f - a +0 short sword {short}
   (You took it off a kobold on level 1 of the Dungeon)
 g - a +0 short sword {short}
   (You took it off a kobold on level 1 of the Dungeon)
 h - a +0 dagger {short}
   (You took it off a kobold on level 1 of the Dungeon)
 j - a +0 short sword {short}
   (You took it off a kobold on level 1 of the Dungeon)
 k - a +0 whip {mace}
   (You found it on level 1 of the Dungeon)
 l - a +0 club {mace}
   (You took it off a goblin on level 1 of the Dungeon)
 m - a +0 hunting sling {sling}
   (You found it on level 1 of the Dungeon)
 n - a +0 dagger {short}
   (You took it off a goblin on level 1 of the Dungeon)
 p - the +11 morningstar "Liptecuigh" (weapon) {venom, rF+, mace}
   (You found it on level 2 of the Dungeon)

   It poisons the flesh of those it strikes.
   rF:        It protects you from fire.
 u - a +0 short sword {short}
   (You found it on level 2 of the Dungeon)
 E - a +4 rapier of venom {short}
   (You took it off Eustachio on level 5 of the Dungeon)
Missiles
 c - 80 stones (quivered) {throwing}
Jewellery
 o - a ring of resist corrosion
   (You found it on level 1 of the Dungeon)
Scrolls
 b - a scroll of fear
 q - a scroll of amnesia
 v - a scroll of blinking {!r}
 x - a scroll of holy word
 y - a scroll of teleportation {@r4}
 z - a scroll of enchant weapon
 A - a scroll of noise {!r}
 D - 3 scrolls of magic mapping {!r}
Potions
 a - 3 potions of magic
 i - a potion of brilliance {unknown}
 s - 2 potions of degeneration {!q@e2}
 t - 2 potions of curing {@q1}
 w - a potion of might {unknown}
 B - a potion of berserk rage {unknown}
 C - 2 potions of attraction {unknown}

Dungeon Overview and Level Annotations

Branches:
Dungeon (5/15)
 Temple: D:4-7

Altars:

#.# *,,,,,..*,*.#,,
#.# *,,,,.#,,,*.#,*
#.###
*,,,..*****..,,
#.[.# ******* *..,,
###.# *##,* #.#
###**,* #.########
#..,,,* #.#Y...YY#
#.#**** #.@Y...#.#
#.#
###.##.#.####.#####
#.##...Y.YY[....Y
#.####.#####.##..
#.####.# #.##.#
#......# #.##..
######## #.##.#
#..... ####..


You could see 4 yaks.


Message History

q - a scroll of amnesia 😨 MP[+1]
As you read the scroll of identify {@r1}, it crumbles to dust.
v - a scroll of blinking
As you read the scroll of identify {@r1}, it crumbles to dust.
x - a scroll of holy word
As you read the scroll of identify {@r1}, it crumbles to dust.
y - a scroll of teleportation 😨 HP[+1]
As you read the scroll of identify {@r1}, it crumbles to dust.
z - a scroll of enchant weapon
As you read the scroll of identify {@r1}, it crumbles to dust.
A - a scroll of noise
As you read the scroll labelled FES QUHAIPHALU, it crumbles to dust.
You feel aware of your surroundings.
It was a scroll of magic mapping.
Key pressed, stopping explore.
Key pressed, stopping explore.
Key pressed, stopping explore.
A yak comes into view. 😎 HP[+24] MP[+3]
Your hp is fully restored (45).
Your mp is fully restored (13).
A yak is nearby!
A yak is nearby!
You throw a stone {throwing}.
The stone {throwing} hits the yak but does no damage.
The yak bellows!
You throw a stone {throwing}. The stone {throwing} hits the yak.
A yak comes into view.
You throw a stone {throwing}.
The stone {throwing} completely misses the yak.
You throw a stone {throwing}.
The stone {throwing} barely misses the yak.
You throw a stone {throwing}.
The stone {throwing} hits the yak but does no damage.
You throw a stone {throwing}.
The stone {throwing} hits the yak but does no damage.
A yak comes into view.
The yak bellows!
You puncture the yak!
The yak is poisoned.
A yak comes into view.
The yak gores you!
You are too injured to fight recklessly!
You are too injured to fight recklessly!
You are too injured to fight recklessly! 😮 HP[-12]
You take 12 damage, and now have 33/45 hp.
MASSIVE DAMAGE!! (PAUSE)
The yak attacks as you move away! The yak barely misses you.
The yak attacks as you move away! The yak completely misses you.
The yak attacks as you move away! The yak closely misses you. 😕 HP[+1]
Things that are here:
a +0 leather armour; the human corpse of Eustachio The yak attacks as you move away!
The yak barely misses you. The yak attacks as you move away! The yak gores you!
* * * LOW HITPOINT WARNING * * *
😨 HP[-17]
You take 17 damage, and now have 17/45 hp.
MASSIVE DAMAGE!! (PAUSE)
You barely miss the yak. You squeeze the yak, but do no damage.
The yak barely misses you. 😨 HP[+1]
You aren't carrying any items that you can evoke.
Okay, then.
Okay, then.
Unknown command.
You aren't carrying any items that you can evoke.
Unknown command.
The yak attacks as you move away! The yak barely misses you.
The yak attacks as you move away! The yak gores you.
* * * LOW HITPOINT WARNING * * *
The yak bellows! 😨 HP[-6]
You take 6 damage, and now have 12/45 hp.
Okay, then.
You aren't carrying any items that you can evoke.
Unknown command.
You aren't carrying any items that you can evoke.
Sorry, you're not good enough to have a special ability.
Unknown command.
Okay, then. 😨 HP[+1]
The yak looks more healthy.
As you read the scroll of fear, it crumbles to dust.
You assume a fearsome visage.
The yak looks frightened! x2
Casting: Scorch (safe; 6% risk of failure)
Confirm with . or Enter, or press ? or * to list all spells.
Flames lash the yak.
Your attack snaps the yak out of its fear.
The yak's fire resistance burns away. 😨 MP[-2]
You lost 2 mp, and now have 11/13 mp.
You completely miss the yak. The yak gores you.
* * * LOW HITPOINT WARNING * * *
😱 HP[-6]
You take 6 damage, and now have 7/45 hp.
You barely miss the yak.
The yak is no longer more vulnerable to fire.
The yak gores you!
You die...

Skill      XL: |  1  2  3  4  5  6 |
---------------+-------------------+-----
Spellcasting   | 3 4 |  4.0
Fighting       | 1 2 |  2.8
Throwing       | 1 2 |  2.7
Dodging        | 3 4 |  4.8
Stealth        | |  2.6
Conjurations   | |  1.0
Fire Magic     | |  3.0

Action                   |  1- 3 |  4- 6 |  7- 9 || total
-------------------------+-------+-------+-------++-------
Melee: Unarmed           |    23 |       |       ||    23
       Tentacles         |     8 |     2 |     1 ||    11
       Constrict         |     7 |     5 |       ||    12
       Morningstar       |    18 |    33 |     4 ||    55
       Punch             |       |     1 |       ||     1
Throw: Stone             |    31 |    62 |     6 ||    99
 Cast: Foxfire           |    39 |       |       ||    39
       Scorch            |     6 |    22 |     1 ||    29
  Use: Potion            |       |     2 |       ||     2
       Scroll            |       |       |     9 ||     9
 Stab: Sleeping          |     1 |     5 |       ||     6
Armor: Skin              |     2 |     1 |       ||     3
Dodge: Dodged            |    43 |    35 |     6 ||    84

Levels and vault maps discovered:
D:1:      roderic_chinese_lattice_arrival, layout_basic,
          chequers_hall_statues_wall_a, minmay_quantized
D:2:      layout_basic, chequers_ecumenical_altar_simple_redux,
          kennysheep_generic_room_12
D:3:      layout_basic
D:4:      layout_loops_cross, minmay_misc_feat_plants
D:5:      layout_loops_cross, uniq_eustachio, uniq_crazy_yiuf_cottage,
          uniq_duvessa

Notes
Turn   | Place    | Note
-------+----------+-------------------------------------------
     0 | D:1      | spaghetti the Octopode Fire Elementalist began the quest
                  | for the Orb.
     0 | D:1      | Reached XP level 1. HP: 11/11 MP: 3/3
     0 | D:1      | magus.rc [v1.9.6]
   388 | D:1      | Reached XP level 2. HP: 17/17 MP: 2/5
   688 | D:1      | Reached skill level 3 in Spellcasting
   797 | D:1      | Reached XP level 3. HP: 21/21 MP: 3/7
   801 | D:1      | Learned a level 3 spell: Inner Flame
   876 | D:1      | Learned a level 2 spell: Scorch
   989 | D:2      | Found a faded altar of an unknown god.
   991 | D:2      | Identified the +11 morningstar "Liptecuigh" {venom, rF+}
  1662 | D:1      | Reached XP level 4. HP: 27/27 MP: 9/9
  3051 | D:4      | Noticed a necrophage
  3057 | D:4      | Killed a necrophage
  3058 | D:4      | Reached skill level 1 in Fighting
  3058 | D:4      | Reached skill level 1 in Throwing
  3058 | D:4      | Reached skill level 3 in Dodging
  3058 | D:4      | Reached XP level 5. HP: 31/33 MP: 10/10
  3066 | D:4      | Reached skill level 4 in Spellcasting
  3225 | D:4      | Reached XP level 6. HP: 39/39 MP: 6/12
  3337 | D:4      | Reached skill level 2 in Fighting
  3337 | D:4      | Reached skill level 2 in Throwing
  3369 | D:4      | Reached skill level 4 in Dodging
  3958 | D:5      | Entered Level 5 of the Dungeon
  3967 | D:5      | You pick up a book of Necromancy and begin reading...
  3967 | D:5      | You add the spells Pain, Animate Skeleton and Vampiric
                  | Draining to your library.
  4022 | D:5      | Noticed Eustachio
  4028 | D:5      | HP: 8/40 [quokka[Eustachio] (3)]
  4031 | D:5      | Killed Eustachio
  4032 | D:5      | Reached XP level 7. HP: 19/45 MP: 9/13
  4206 | D:5      | Noticed a yak
  4208 | D:5      | Noticed a yak
  4212 | D:5      | Noticed a yak
  4213 | D:5      | Noticed a yak
  4235 | D:5      | HP: 7/45 [yak (6)]
  4236 | D:5      | Slain by a yak

Vanquished Creatures
  Eustachio (D:5)
  A necrophage (D:4)
  A scorpion (D:4)
  2 hounds (D:4)
  2 iguanas (D:4)
  6 adders
  2 worms
  4 dart slugs
  6 ball pythons
  7 endoplasms
  3 giant cockroaches
  8 goblins
  9 hobgoblins
  7 jackals
  9 kobolds
  5 quokkas
  2 bats (D:1)
  4 frilled lizards
79 creatures vanquished.

Vanquished Creatures (others)
  58 foxfires
58 creatures vanquished.

Grand Total: 137 creatures vanquished

Table legend:
 A = Non-vault XP
 B = Vault XP
 C = Vault XP percentage of total XP
 D = Non-vault monster count
 E = Vault monster count
 F = Vault count percentage of total count
                 A         B        C        D         E       F
            +---------+---------+-------+---------+---------+-------
      Total |     526 |     205 |  28.0 |      70 |       9 |  11.4
            +---------+---------+-------+---------+---------+-------
        D:1 |      58 |      12 |  17.1 |      29 |       7 |  19.4
        D:2 |      20 |       2 |   9.1 |      10 |       1 |   9.1
        D:3 |      40 |       0 |   0.0 |       7 |       0 |   0.0
        D:4 |     408 |       0 |   0.0 |      24 |       0 |   0.0
        D:5 |       0 |     191 | 100.0 |       0 |       1 | 100.0
            +---------+---------+-------+---------+---------+-------

Illustrated notes

Table legend:
 A = Kills in this place as a percentage of kills in entire the game.
 B = Kills by you in this place as a percentage of kills by you in the entire game.
 C = Kills by friends in this place as a percentage of kills by friends in the entire game.
 D = Other kills in this place as a percentage of other kills in the entire game.
 E = Experience gained in this place as a percentage of experience gained in the entire game.
 F = Experience gained in this place divided by the number of levels of this place that you have seen.
                   A       B       C       D       E      F
               +-------+-------+-------+-------+-------+----------------------
         Total | 100.0 | 100.0 |   N/A |   N/A | 100.0 | 146.2
       Dungeon | 100.0 | 100.0 |   N/A |   N/A | 100.0 | 146.2
               +-------+-------+-------+-------+-------+----------------------

Table legend: (Time is in decaauts)
 A = Elapsed time spent in this place.
 B = Non-inter-level travel time spent in this place.
 C = Inter-level travel time spent in this place.
 D = Time resting spent in this place.
 E = Time spent auto-exploring this place.
 F = Levels seen in this place.
 G = Mean time per level.
                   A        B        C        D        E       F      G
               +--------+--------+--------+--------+--------+-----+--------+
         Total |   4267 |   4196 |     71 |    261 |   3347 |   5 |  853.4 |
       Dungeon |   4267 |   4196 |     71 |    261 |   3347 |   5 |  853.4 |
               +--------+--------+--------+--------+--------+-----+--------+

Top non-repeatable levels by time:
     D:1: 1504 daAuts
     D:4: 1012 daAuts
     D:3: 818 daAuts
     D:2: 651 daAuts
     D:5: 281 daAuts
